 Dungeon Crawl Stone Soup version 0.29.0-13-gc9e81de378 (webtiles) character file.

Game seed: 2804179326062944692

310060 Turgor the Alchemist (level 20, -5/98 HPs)
             Began as a Felid Summoner on Sept 7, 2022.
             Was a Believer of Jiyva.
             Slain by Vv (32 damage)
             ... on level 3 of the Crypt on Sept 10, 2022.
             The game lasted 12:16:06 (77014 turns).

Turgor the Alchemist (Felid Summoner)              Turns: 77014, Time: 12:16:08

Health: -5/98      AC: 18    Str:  4    XL:     20   Next: 39%
Magic:  39/39      EV: 34    Int: 28    God:    Jiyva [**....]
Gold:   3346       SH:  0    Dex: 18    Spells: 0/47 levels left
                                        Lives:  0   Deaths: 6

rFire   + . .      SeeInvis +     - Unarmed
rCold   + . .      Faith    .   (shield unavailable)
rNeg    + + .      Spirit   .   (body armour unavailable)
rPois   ∞          Reflect  .   (helmet unavailable)
rElec   +          Harm     .   (cloak unavailable)
rCorr   +          Rampage  .   (gloves unavailable)
Will    ++...                   (boots unavailable)
Stlth   +++.......              y - amulet of Vitality {RegenMP++ Regen++}
HPRegen 2.82/turn               O - ring of Igah {rF+ rN++ Will- Int+4 SInv}
MPRegen 1.36/turn               Q - ring of protection from cold

@: storm-form, frozen, flying, studying Dodging, very slow
A: cleaving, insubstantial, flying, very small, (claws 1), (fangs 3), see
invisible, (speed 1), (shaggy fur 3), (stealthy paws), no weapons or thrown
items, no armour, multi-lived
}: 2/15 runes: decaying, serpentine
a: Blinkbolt, End Transformation, Renounce Religion


You were on level 3 of the Crypt.
You worshipped Jiyva.
Jiyva was pleased with you.
You were a lightning-filled tempest!
You visited 10 branches of the dungeon, and saw 43 of its levels.
You also visited: Ossuary, Ice Cave, Wizlab and Desolation.

You collected 22465 gold pieces.
You spent 10806 gold pieces at shops.
You paid 8313 gold pieces to Gozag.

Inventory:

Jewellery
 e - a ring of resist corrosion
 x - a ring of protection from fire
 y - the amulet of Vitality (around neck) {RegenMP++ Regen++}
   (You bought it in a shop on level 9 of the Dungeon)

   [amulet of magic regeneration]

   It increases your rate of magic regeneration.
   Regen:     It increases your rate of health regeneration.
 E - a ring of wizardry
 F - the ring "Hecw" {Will++ Int+4 Dex+6 Slay-5}
   (You found it on level 1 of the Depths)

   [ring of dexterity]

   Int:       It affects your intelligence (+4).
   Dex:       It affects your dexterity (+6).
   Slay:      It affects your accuracy & damage with ranged weapons and melee
   (-5).
   Will:      It greatly increases your willpower.
 I - a ring of positive energy
 O - the ring of Igah (left paw) {rF+ rN++ Will- Int+4 SInv}
   (You bought it in a shop on level 9 of the Dungeon)

   [ring of protection from fire]

   Int:       It affects your intelligence (+4).
   rF:        It protects you from fire.
   rN:        It greatly protects you from negative energy.
   SInv:      It lets you see invisible.
   Will:      It decreases your willpower.
 P - an amulet of the acrobat
 Q - a ring of protection from cold (right paw)
 R - a ring of willpower
 S - a ring of protection from fire
Wands
 m - a wand of flame (36)
 q - a wand of paralysis (22)
 u - a wand of quicksilver (7)
 C - a wand of iceblast (13)
 H - a wand of polymorph (10)
 L - a wand of mindburst (16)
Scrolls
 c - a scroll of silence
 f - 7 scrolls of fear
 i - 10 scrolls of immolation
 l - 4 scrolls of poison
 n - 6 scrolls of fog
 p - 15 scrolls of teleportation
 w - 3 scrolls of vulnerability
 z - 2 scrolls of torment
 N - a scroll of amnesia
Potions
 a - 10 potions of magic
 b - 14 potions of curing
 d - 7 potions of brilliance
 g - 5 potions of invisibility
 h - 11 potions of attraction
 j - 5 potions of resistance
 k - 6 potions of mutation
 r - 14 potions of ambrosia
 s - 5 potions of lignification
 t - 4 potions of flight
 A - 8 potions of cancellation
 B - 7 potions of might
 G - 4 potions of heal wounds
 K - 4 potions of haste
Miscellaneous
 o - a lightning rod (4/4)
 v - a piece from Xom's chessboard (15/15)
 D - a tin of tremorstones (2/2)
 J - a phantom mirror (inert)
 T - a condenser vane (inert)


   Skills:
 + Level 15.9 Fighting
 + Level 12.6 Dodging
 - Level 6.0 Stealth
 * Level 16.5 Unarmed Combat
 + Level 14.2 Spellcasting
 - Level 9.0 Conjurations
 - Level 13.0 Hexes
 + Level 12.9 Summonings
 - Level 15.5 Translocations
 + Level 17.1 Transmutations
 + Level 17.1 Air Magic
 - Level 10.1 Evocations


You couldn't memorise any spells.
You knew the following spells:

 Your Spells              Type           Power      Damage    Failure   Level
a - Passage of Golubria   Tloc           82%        N/A       1%          4
b - Summon Cactus Giant   Summ           37%        N/A       1%          6
c - Call Canine Familiar  Summ           75%        N/A       1%          3
d - Summon Guardian Gole  Hex/Summ       75%        N/A       1%          3
e - Summon Lightning Spi  Summ/Air       81%        N/A       1%          4
f - Manifold Assault      Tloc           82%        N/A       1%          5
g - Yara's Violent Unrav  Hex/Tmut       40%        3d16      1%          5
h - Storm Form            Tmut/Air       43%        N/A       1%          7
i - Summon Mana Viper     Hex/Summ       75%        N/A       1%          5
j - Tukima's Dance        Hex            75%        N/A       1%          3
k - Wereblood             Tmut           86%        N/A       0%          2

Your spell library contained the following spells:

 Spells                   Type           Power      Damage    Failure   Level
 Apportation              Tloc           100%       N/A       0%          1
 Beastly Appendage        Tmut           100%       N/A       0%          1
 Shock                    Conj/Air       100%       1d9       0%          1
 Summon Small Mammal      Summ           100%       N/A       0%          1
 Blink                    Tloc           100%       N/A       0%          2
 Gell's Gravitas          Tloc           82%        N/A       0%          3
 Lesser Beckoning         Tloc           82%        N/A       0%          3
 Swiftness                Air            86%        N/A       0%          3
 Teleport Other           Tloc           82%        N/A       0%          3
 Foxfire                  Conj/Fire      100%       2x1d9     1%          1
 Magic Dart               Conj           100%       1d8       1%          1
 Sting                    Tmut/Pois      100%       1d8       1%          1
 Call Imp                 Summ           75%        N/A       1%          2
 Ensorcelled Hibernation  Hex/Ice        100%       N/A       1%          2
 Passwall                 Tmut/Erth      51%        N/A       1%          2
 Poisonous Vapours        Pois/Air       100%       N/A       1%          2
 Searing Ray              Conj           100%       2d8       1%          2
 Confusing Touch          Hex            75%        N/A       1%          3
 Conjure Flame            Conj/Fire      45%        6-21      1%          3
 Dazzling Flash           Conj/Hex       100%       N/A       1%          3
 Ignite Poison            Fire/Tmut/Pois 51%        N/A       1%          3
 Inner Flame              Hex/Fire       54%        N/A       1%          3
 Mephitic Cloud           Conj/Pois/Air  62%        N/A       1%          3
 Spider Form              Tmut/Pois      62%        N/A       1%          3
 Stone Arrow              Conj/Erth      90%        3d12      1%          3
 Airstrike                Air            43%        2d(7-23)  1%          4
 Anguish                  Hex/Necr       27%        N/A       1%          4
 Fulminant Prism          Conj/Hex       34%        3d16      1%          4
 Iskenderun's Mystic Bla  Conj/Tloc      73%        2d15      1%          4
 Leda's Liquefaction      Hex/Erth       27%        N/A       1%          4
 Petrify                  Tmut/Erth      62%        N/A       1%          4
 Summon Ice Beast         Ice/Summ       54%        N/A       1%          4
 Blade Hands              Tmut           43%        N/A       1%          5
 Irradiate                Conj/Tmut      37%        3d24      1%          5
 Iskenderun's Battlesphe  Conj           63%        2d11      1%          5
 Lightning Bolt           Conj/Air       37%        1d56      1%          5
 Silence                  Hex/Air        40%        N/A       1%          5
 Summon Forest            Summ/Tloc      39%        N/A       1%          5
 Dispersal                Tloc           41%        N/A       1%          6
 Dragon Form              Tmut           43%        N/A       1%          7
 Freeze                   Ice            76%        1d9       2%          1
 Necrotise                Necr           76%        1d7       2%          1
 Sandblast                Erth           38%        2d10      2%          1
 Corpse Rot               Necr/Pois/Air  51%        N/A       2%          4
 Alistair's Intoxication  Tmut/Pois      41%        N/A       2%          5
 Sublimation of Blood     Necr           19%        N/A       4%          2
 Flame Wave               Conj/Fire      45%        2d12      4%          4
 Sticky Flame             Conj/Fire      45%        2d6       4%          4
 Metabolic Englaciation   Hex/Ice        27%        N/A       4%          5
 Malign Gateway           Summ/Tloc      39%        N/A       6%          7
 Ozocubu's Armour         Ice            19%        N/A       8%          3
 Vampiric Draining        Necr           19%        2d7       8%          3
 Enfeeble                 Hex            37%        N/A       11%         7
 Fireball                 Conj/Fire      22%        3d10      12%         5
 Eringya's Noxious Bog    Tmut/Pois      31%        N/A       12%         6
 Maxwell's Capacitive Co  Air            43%        ∞         16%         8
 Spellforged Servitor     Conj/Summ      34%        N/A       24%         7
 Dispel Undead            Necr           19%        3d11      26%         4
 Olgreb's Toxic Radiance  Pois           19%        N/A       26%         4
 Iron Shot                Conj/Erth      22%        9d5       54%         6
 Starburst                Conj/Fire      22%        6d8       54%         6
 Agony                    Necr           19%        N/A       58%         5
 Lee's Rapid Deconstruct  Erth           9%         3d8*      58%         5
 Summon Horrible Things   Summ           37%        N/A       65%         8
 Haunt                    Necr/Summ      27%        N/A       83%         7
 Death Channel            Necr           9%         N/A       99%         6
 Necromutation            Tmut/Necr      31%        N/A       99%         8
 Ozocubu's Refrigeration  Ice            9%         4d9       100%        7
 Borgnjor's Revivificati  Necr           9%         N/A       100%        8
 Ignition                 Fire           9%         3d5       100%        8
 Lehudib's Crystal Spear  Conj/Erth      22%        10d6      100%        8
 Chain Lightning          Conj/Air       37%        3d50      100%        9
 Death's Door             Necr           9%         N/A       100%        9
 Fire Storm               Conj/Fire      22%        8d6       100%        9
 Polar Vortex             Ice            9%         N/A       100%        9
 Shatter                  Erth           9%         3d11*     100%        9


Dungeon Overview and Level Annotations

Branches:
Dungeon (15/15)            Temple (1/1) D:6            Lair (5/5) D:9
  Swamp (4/4) Lair:2        Snake (4/4) Lair:3        Slime (0/5) Lair:5
    Orc (2/2) D:10            Elf (3/3) Orc:2        Vaults (4/5) D:13
  Crypt (3/3) Vaults:3     Depths (2/4) D:15        Ossuary (visited)
  IceCv (visited)          WizLab (visited)         Desolation (visited)
   Tomb: Crypt:3

Altars:
Dithmenos
Gozag
Kikubaaqudgha
Makhleb
Okawaru
Qazlal
Ru
Xom
Yredelemnul
Jiyva

Shops:
D:3 (!(   D:9 :?!=:===   D:10 =   Orc:1 (   Orc:2 :(*[   Elf:1 [(!   Elf:3 [
Vaults:4 [

Portals:
Hell: Depths:1
Abyss: Depths:1
Trove: D:11 (give 6 scrolls of blinking)

Annotations:
Lair:3 1 exclusion
Vaults:1 1 runed translucent door, Marixus's ghost, adept HOFi
Crypt:3 Vv


Innate Abilities, Weirdness & Mutations

You are a lightning-filled tempest!
Your electrical attacks strike out in all directions at once.
You are incredibly evasive.
Your insubstantial body is immune to petrification, constriction, and being set on fire You are flying.
You are immune to poison.
((You have sharp claws.))
((You have razor-sharp teeth.))
You have supernaturally acute eyesight. (SInv)
((You cover ground quickly. (Speed+)))
((Your thick and shaggy fur keeps you warm. (AC +3, rC+)))
((Your paws help you pounce on unaware monsters.))
You are incapable of wielding weapons or throwing items.
You cannot wear armour.
You gain extra lives every three experience levels.


Message History

You hear a hideous shriek!
Vv barely misses you. Vv hits you!!
You are engulfed in flames!!
You resist. Something hits your cactus giant.
You hear a hideous shriek!
Unknown command.
You hit Vv but do no damage.
Vv is severely damaged.
You hear a hideous shriek!
Vv closely misses you. Vv completely misses you.
Unknown command.
You feel much better. Vv hits you but does no damage. Vv completely misses you.
Something hits your cactus giant.
Casting: Summon Lightning Spire (safe; 1% risk of failure)
Confirm with . or Enter, or press ? or * to list all spells.
Okay, then.
Unknown command.
You hit Vv but do no damage. You punch Vv!
Vv is severely damaged.
You hear a hideous shriek!
Your cactus giant completely misses the flying skull.
Something hits your cactus giant.
Unknown command.
You batter Vv!! You punch Vv, but do no damage.
Vv is almost destroyed.
You hear a hideous shriek!
Vv calls freezing cold from the walls.
The frost grips you!! You partially resist.
You are encased in ice.
The frost grips your cactus giant!!! The frost grips your lightning spire!!
Your lightning spire partially resists.
Something hits your cactus giant!
You hear a hideous shriek!
Unknown command.
Gozag petitions for your drink to fail.
You bellow as the wereblood boils in your veins!
Your primal bloodlust has ended.
Vv hits you!
* * * LOW HITPOINT WARNING * * *
Vv freezes you!! You resist.
You die...

.V ##### ... .V. #...# ...
.zz##._.##.. ### ...z.......
##.## ....⌠...⌠. #.8.+
....... ###...+
#'''####8#..## #..)#Cz9.#..##
+..))§##v#...#
#########..##..#
+.'...'.'.##..####
#.'...'.###...'#.###
..###'''###.....'....####
..........)..).##.......#####
............).#####.......#..
....8...8....## ###........
##.).......### ##....8..


You could see Vv (ally target), a flying skull, a friendly cactus giant
(summoned) and a friendly lightning spire (summoned).

Vanquished Creatures
  Boris (Vaults:3)
  Sojobo (Crypt:3)
  Frederick (Vaults:2)
  Nikola (Vaults:1)
  Jory (Crypt:2)
  Mlioglotl (Swamp:4)
  A tentacled monstrosity (Swamp:4)
  2 deep elf blademasters (Elf:3)
  4 deep elf master archers (Elf:3)
  8 sphinxes
  2 ancient champions
  The ghost of bworf the Warrior, an adept MiFi of Okawaru (Snake:4)
  The ghost of Gokhumny the Blocker, an adept GnFi of Okawaru (Swamp:3)
  The ghost of Liforeniyw the Executioner, an adept MiBe of Trog (Snake:1)
  3 tengu reavers
  2 fenstrider witches (Swamp:4)
  A revenant (Crypt:1)
  A nagaraja (Snake:4)
  The ghost of Omiobem the Thaumaturge, an adept GnSk of Makhleb (Swamp:3)
  3 vault wardens (Vaults:2)
  A fire giant (Depths:1)
  2 deep elf sorcerers (Elf:3)
  An orc warlord (Vaults:4)
  Aizul (Snake:1)
  A deep elf elementalist (Elf:3)
  The ghost of Xitaol the Ninja, an adept SpEn of Wu Jian (Snake:3)
  Louise (Swamp:4)
  A ghoul (Vaults:2)
  2 spriggan defenders (Depths:1)
  5 very ugly things
  4 stone giants
  A demonspawn corrupter (WizLab)
  An ironbound thunderhulk (Vaults:2)
  7 deep elf demonologists
  13 ironbound preservers
  3 vampire knights
  2 entropy weavers
  An eleionoma (Swamp:2)
  2 halazid warlocks (Desolation)
  4 deep elf annihilators (Elf:3)
  5 dire elephants
  2 bunyips (Swamp:4)
  4 eidola
  3 deep elf death magi
  3 crystal guardians
  3 fire dragons (Depths:1)
  A merfolk javelineer (Depths:1)
  A deep elf high priest (WizLab)
  A quicksilver dragon zombie (Crypt:2)
  10 ragged hierophants (Desolation)
  8 jiangshi
  3 ettins
  2 shambling mangroves (Swamp:4)
  6 yaktaur captains
  5 servants of whispers (Desolation)
  An ice dragon (Depths:2)
  4 great orbs of eyes
  A spriggan air mage (Depths:1)
  2 rakshasas (Depths:1)
  9 peacekeepers
  2 hydras (Swamp:4)
  4 ironbound frosthearts
  2 salamander tyrants (Snake:4)
  2 vault guards
  The ghost of bear the Thaumaturge, a journeyman DjVM of Makhleb (D:11)
  10 anacondas
  A merfolk aquamancer (WizLab)
  A ghost crab (Swamp:3)
  11 naga warriors
  A deep troll shaman (Depths:1)
  3 centaur warriors
  A deep troll earth mage (Depths:1)
  23 dancing weapons
  A merfolk avatar (Lair:5)
  3 tengu warriors
  3 alligators
  4 vampire magi
  2 orc high priests
  9 naga sharpshooters
  7 shock serpents
  5 spriggans
  14 deep elf knights
  2 soul eaters
  3 hell knights
  A storm dragon zombie (Crypt:1)
  10 skeletal warriors
  Amaemon (Lair:3)
  A shadow wraith (Crypt:2)
  A sixfirhy (Swamp:4)
  7 spriggan druids
  A death drake (Swamp:4)
  3 goliath frogs
  An iron troll (Depths:1)
  3 phantasmal warriors
  7 naga ritualists
  A glowing orange brain (Vaults:4)
  13 wizards
  39 deep trolls
  10 ironbound convokers
  3 necromancers
  8 deep elf archers
  21 deep elf zephyrmancers
  2 orc sorcerers
  4 orc knights
  20 deep elf pyromancers
  A wolf spider (D:14)
  5 mana vipers
  13 ugly things
  10 salamanders
  A cyclops (D:15)
  2 worldbinders (WizLab)
  A stone giant zombie (Crypt:1)
  A will-o-the-wisp (Lair:2)
  9 guardian serpents
  10 naga magi
  2 elephants (Lair:5)
  An eleionoma skeleton (Crypt:2)
  A fire giant skeleton (Crypt:2)
  7 vault sentinels
  21 black mambas
  A torpor snail (WizLab)
  A cane toad (shapeshifter) (Elf:2)
  A komodo dragon (Lair:5)
  3 molten gargoyles (Desolation)
  A dire elephant skeleton (Crypt:2)
  13 yaktaurs
  A rime drake (Lair:3)
  2 freezing wraiths
  3 guardian mummies (Crypt:1)
  A white draconian skeleton (Crypt:1)
  A green draconian skeleton (Crypt:2)
  A bunyip simulacrum (Crypt:2)
  2 bloated husks (Swamp:2)
  2 hellwings (Swamp:4)
  A tarantella (shapeshifter) (D:15)
  A meliai (D:11)
  A tyrant leech (Swamp:3)
  A tarantella (Vaults:4)
  A blink frog (shapeshifter) (D:15)
  11 hornets
  52 saltlings (Desolation)
  17 slime creatures
  2 air elementals
  14 flying skulls (Crypt:3)
  A jumping spider (Vaults:4)
  A wraith (Crypt:1)
  2 yaks (IceCv)
  9 water elementals
  2 fire elementals
  A culicivora (Vaults:3)
  A neqoxec (Swamp:4)
  4 redbacks
  A fire bat zombie (Crypt:1)
  A chaos spawn (Swamp:4)
  5 vampire mosquitoes
  3 swamp worms
  30 nagas
  A glowing orange brain zombie (Crypt:1)
  9 orc warriors
  A blink frog zombie (Crypt:2)
  3 wolves
  7 centaurs (D:15)
  A golden eye zombie (Crypt:1)
  A shining eye zombie (Crypt:1)
  2 earth elementals
  A salamander skeleton (Crypt:2)
  A raiju zombie (Crypt:1)
  8 killer bees
  A nameless horror (Snake:1)
  An electric eel (D:14)
  A jelly (Crypt:3)
  2 human zombies
  8 orc priests
  3 human skeletons
  7 orc wizards
  3 mummies (Crypt:1)
  A white imp (D:5)
  11 orcs
  A ball python (D:3)
  2 kobolds
  A kobold zombie (Ossuary)
794 creatures vanquished.

Vanquished Creatures (collateral kills)
  3 sphinxes
  Gastronok (D:10)
  A tengu reaver (Crypt:3)
  Kirke (Swamp:3)
  Frances (D:12)
  4 thorn hunters
  Donald (Crypt:1)
  7 nagarajas
  2 fenstrider witches (Swamp:4)
  An orc warlord (Orc:2)
  A deep elf sorcerer (Vaults:2)
  2 frost giants
  4 vault wardens
  4 ironbound preservers
  A deep elf elementalist (Elf:3)
  A war gargoyle (Vaults:4)
  A stone giant (Vaults:2)
  A ghoul (Swamp:4)
  2 demonspawn corrupters (WizLab)
  5 very ugly things
  An ironbound thunderhulk (Vaults:1)
  An eleionoma (Swamp:1)
  An entropy weaver (Vaults:3)
  A bunyip (Swamp:4)
  5 dire elephants
  Snorg (D:10)
  An acid blob zombie (Crypt:1)
  An ettin (Depths:1)
  2 eidola (Crypt:1)
  A crystal guardian (Vaults:3)
  A green death (Swamp:4)
  2 great orbs of eyes
  A ragged hierophant (Desolation)
  2 vault guards (Vaults:2)
  7 hydras
  2 boulder beetles
  A salamander tyrant (Snake:3)
  3 servants of whispers (Desolation)
  2 peacekeepers (Desolation)
  2 ironbound frosthearts
  3 ogre magi
  An anaconda (Snake:4)
  6 centaur warriors
  4 alligators
  A death knight (Vaults:3)
  A vampire mage (Depths:1)
  6 two-headed ogres
  3 tengu warriors
  3 naga warriors
  A deep troll earth mage (Depths:2)
  A deep troll shaman (Depths:1)
  4 death yaks
  2 spriggan berserkers (Swamp:2)
  4 naga sharpshooters
  5 orc high priests
  A shock serpent (Snake:1)
  A deep elf knight (D:14)
  A sixfirhy (Swamp:4)
  4 skeletal warriors
  3 goliath frogs
  A death drake (Swamp:4)
  5 spriggan druids
  6 salamander mystics
  10 deep trolls
  2 bog bodies
  7 wizards
  4 swamp dragons
  4 ironbound convokers
  3 harpies (Lair:5)
  A lindwurm (shapeshifter) (D:13)
  A phantasmal warrior (Crypt:1)
  5 naga ritualists
  A necromancer (Vaults:2)
  4 orc sorcerers
  3 deep elf zephyrmancers (Elf:1)
  2 orc knights
  8 deep elf pyromancers
  3 mana vipers
  15 ugly things
  4 cyclopes
  A will-o-the-wisp (Swamp:2)
  2 manticores (Lair:5)
  13 salamanders
  Maurice (D:9)
  14 elephants
  3 worldbinders (WizLab)
  A molten gargoyle (Desolation)
  7 black mambas
  3 guardian serpents
  4 vault sentinels
  4 orange demons
  3 gargoyles
  An unseen horror (D:8)
  9 cane toads
  7 naga magi
  7 komodo dragons
  A kobold demonologist (D:8)
  8 yaktaurs
  13 rime drakes
  3 efreet (D:14)
  A hellwing (Swamp:4)
  A tengu conjurer (D:14)
  2 queen bees
  6 trolls
  9 polar bears
  2 meliai (D:13)
  2 wind drakes (Lair:5)
  7 tyrant leeches
  7 hornets
  8 blink frogs
  4 dream sheep (Lair:4)
  15 slime creatures
  23 saltlings (Desolation)
  2 flying skulls (Crypt:3)
  3 water elementals
  5 spriggans
  29 yaks
  4 wraiths
  3 shadows
  2 vampires (D:12)
  A fire dragon skeleton (Crypt:2)
  8 wyverns
  A human (shapeshifter) (D:14)
  8 basilisks
  A death yak simulacrum (Lair:3)
  4 steam dragons
  A basilisk (shapeshifter) (D:13)
  A slime creature zombie (Crypt:1)
  12 swamp worms
  6 vampire mosquitoes
  14 nagas
  A warg (Orc:1)
  An acid dragon (D:12)
  4 water moccasins
  A sky beast (shapeshifter) (D:14)
  A sky beast (D:8)
  2 black bears
  32 orc warriors
  17 wolves
  3 ogres
  2 phantoms
  6 centaurs
  2 kobold brigands
  8 bullfrogs
  10 scorpions
  2 gnoll sergeants
  3 necrophages
  Dowan (D:4)
  25 killer bees
  7 howler monkeys
  Crazy Yiuf (D:3)
  A centaur zombie (Ossuary)
  3 human zombies
  A gnoll bouda (D:6)
  3 hounds
  18 orc priests
  5 jellies
  Ijyb (D:3)
  2 iguanas
  A scorpion zombie (Ossuary)
  16 orc wizards
  4 hell rats
  A polar bear simulacrum (Lair:3)
  A wolf simulacrum (Lair:3)
  3 mummies (Ossuary)
  7 adders
  13 gnolls
  A shadow imp (D:4)
  A white imp (D:7)
  2 ufetubi
  3 dart slugs
  70 orcs
  6 bats
  9 endoplasms
  6 giant cockroaches
  2 gnoll zombies (Ossuary)
  5 goblins
  7 hobgoblins
  13 kobolds
  5 quokkas
  10 ball pythons
  4 frilled lizards
  A goblin zombie (Ossuary)
  A hobgoblin zombie (Ossuary)
  A kobold zombie (Ossuary)
  2 orc zombies (Ossuary)
  9 rats
890 creatures vanquished.

Vanquished Creatures (others)
  Saint Roka (Depths:1)
  Jorgrun (Orc:2)
  A tentacled monstrosity (Swamp:4)
  A fenstrider witch (Swamp:4)
  A frost giant (Depths:1)
  2 vault wardens
  A reaper (Swamp:4)
  An ironbound preserver (Vaults:1)
  A very ugly thing (Depths:1)
  3 dire elephants
  A ragged hierophant (Desolation)
  A great orb of eyes (Vaults:1)
  7 hydras
  2 peacekeepers
  A boulder beetle (D:12)
  A naga warrior (Snake:4)
  7 death yaks
  2 two-headed ogres
  A tengu warrior (D:14)
  2 alligators (Swamp:1)
  Urug (Lair:4)
  A spriggan (Swamp:2)
  A deep elf knight (Elf:1)
  A skeletal warrior (D:14)
  A goliath frog (Swamp:1)
  4 deep trolls (Vaults:1)
  A flayed ghost (D:14)
  2 ugly things (D:14)
  3 orc knights
  7 manticores
  4 elephants
  7 black mambas
  An ice statue (IceCv)
  2 gargoyles
  A torpor snail (Lair:4)
  2 cane toads
  Maggie (D:7)
  3 rime drakes
  6 komodo dragons
  2 yaktaurs (Vaults:1)
  A tengu conjurer (D:14)
  3 trolls
  A meliai (D:13)
  3 saltlings (Desolation)
  A tyrant leech (Swamp:1)
  2 hornets
  2 slime creatures
  2 blink frogs (Lair:5)
  A dream sheep (Lair:4)
  3 dancing weapons
  3 water elementals (D:14)
  A centaur simulacrum (D:14)
  A wraith (D:14)
  2 wyverns (Lair:3)
  A yak (shapeshifter) (D:13)
  20 yaks
  Grum (D:9)
  2 basilisks (Lair:3)
  A steam dragon (D:9)
  An acid dragon (D:11)
  Duvessa (D:4)
  5 water moccasins
  10 orc warriors
  An ogre (D:5)
  7 wolves
  3 centaurs
  A bullfrog (D:7)
  A scorpion (D:5)
  4 wights (D:7)
  An electric eel (D:14)
  2 orc priests
  15 jellies
  2 iguanas (D:5)
  A hell rat (Lair:3)
  4 orc wizards
  3 gnolls
  An adder (D:5)
  6 orcs
  4 briar patches
  37 bushes
  4 foxfires
  15 fulminant prisms
  67 fungi
  171 plants
  2 starspawn tentacles (WizLab)
  6 withered plants (Swamp:3)
515 creatures vanquished.

Grand Total: 2199 creatures vanquished

Notes
Turn   | Place    | Note
-------+----------+-------------------------------------------
     0 | D:1      | Turgor the Felid Summoner began the quest for the Orb.
     0 | D:1      | Reached XP level 1. HP: 7/7 MP: 4/4
   121 | D:1      | You fall into a shaft and drop 1 floor!
   125 | D:2      | Found a faded altar of an unknown god.
   137 | D:2      | Reached XP level 2. HP: 11/11 MP: 3/6
   140 | D:2      | Learned a level 2 spell: Call Imp
   546 | D:1      | Reached XP level 3. HP: 14/14 MP: 2/7
   550 | D:1      | Learned a level 3 spell: Call Canine Familiar
  2323 | D:3      | Reached XP level 4. HP: 18/18 MP: 4/9
  2447 | D:3      | Found Zeal's Distillery.
  2474 | D:3      | Found Tovim's Weapon Shoppe.
  2518 | D:3      | Found a runed translucent door.
  2519 | D:3      | Noticed Crazy Yiuf
  2627 | D:3      | Found Maqol's Antique Weapon Emporium.
  2755 | D:3      | Noticed Ijyb
  2825 | D:3      | Killed Ijyb
  3244 | D:3      | Reached skill level 5 in Summonings
  3488 | D:3      | Killed Crazy Yiuf
  3489 | D:3      | Reached XP level 5. HP: 17/21 MP: 3/11
  3855 | D:4      | Noticed Duvessa
  3941 | D:4      | Noticed Dowan
  3981 | D:4      | Noticed an ogre
  3991 | D:4      | Killed an ogre
  3992 | D:4      | Gained mutation: You are covered in thick fur. (AC +2)
                  | [Felid growth]
  3992 | D:4      | Reached XP level 6. HP: 24/24 MP: 2/13
  3998 | D:4      | Learned a level 3 spell: Summon Guardian Golem
  4003 | D:4      | Learned a level 4 spell: Summon Lightning Spire
  4533 | D:4      | Reached skill level 1 in Air Magic
  4744 | D:4      | Reached skill level 1 in Hexes
  4764 | D:4      | Killed Duvessa
  4786 | D:4      | Killed Dowan
  4787 | D:4      | Reached XP level 7. HP: 18/27 MP: 5/14
  5206 | D:5      | Entered Level 5 of the Dungeon
  5727 | D:5      | Reached skill level 5 in Spellcasting
  5770 | D:5      | Reached XP level 8. HP: 31/31 MP: 7/16
  6715 | D:6      | Found a sand-covered staircase.
  6746 | Ossuary  | Entered an ossuary
  6837 | Ossuary  | Reached skill level 5 in Hexes
  7014 | Ossuary  | Reached skill level 5 in Air Magic
  7532 | Ossuary  | Reached XP level 9. HP: 14/34 MP: 9/18
  8121 | D:6      | Found a staircase to the Ecumenical Temple.
  8128 | Temple   | Entered the Ecumenical Temple
  8192 | Temple   | Became a worshipper of Gozag Ym Sagoz the Greedy
  9102 | D:3      | Bought a potion of flight for 42 gold pieces
  9102 | D:3      | Bought a potion of heal wounds for 70 gold pieces
  9102 | D:3      | Bought a potion of cancellation for 112 gold pieces
  9102 | D:3      | Bought a potion of might for 56 gold pieces
  9247 | D:7      | Learned a level 2 spell: Wereblood
  9382 | D:7      | Reached skill level 1 in Unarmed Combat
  9542 | D:7      | Reached skill level 1 in Fighting
  9930 | D:7      | Noticed Maggie
  9944 | D:7      | Killed Maggie
 10074 | D:7      | Learned a level 4 spell: Fulminant Prism
 10364 | D:8      | Found a stormy altar of Qazlal.
 10786 | D:8      | Reached skill level 1 in Conjurations
 10875 | D:8      | Reached XP level 10. HP: 40/40 MP: 18/20
 12416 | D:9      | Found a burning altar of Makhleb.
 12445 | D:9      | Found a staircase to the Lair.
 12566 | D:9      | Noticed Grum
 12576 | D:9      | Killed Grum
 12661 | D:9      | Noticed Maurice
 12699 | D:9      | Killed Maurice
 12839 | D:10     | Entered Level 10 of the Dungeon
 12840 | D:10     | Noticed Gastronok
 12918 | D:10     | Noticed a two-headed ogre
 12926 | D:10     | Killed Gastronok
 12927 | D:10     | Reached XP level 11. HP: 46/46 MP: 6/22
 12929 | D:10     | Killed a two-headed ogre
 13146 | D:10     | Found a staircase to the Orcish Mines.
 13945 | D:10     | Noticed Snorg
 14016 | D:10     | Killed Snorg
 14179 | D:10     | Found Poompud's Jewellery Boutique.
 14584 | D:11     | Noticed a five-headed hydra
 14588 | D:11     | Found a shadowy altar of Dithmenos.
 14594 | D:11     | Killed a five-headed hydra
 14596 | D:11     | Found a portal to a secret trove of treasure.
 14744 | D:11     | Reached skill level 5 in Fighting
 14755 | D:11     | Reached skill level 5 in Unarmed Combat
 15030 | D:11     | Reached skill level 5 in Stealth
 15052 | D:11     | Reached skill level 5 in Conjurations
 15173 | D:11     | Found a transporter.
 15178 | D:11     | Found a transporter.
 15180 | D:11     | Noticed bear's ghost (journeyman DjVM)
 15362 | D:11     | Noticed a seven-headed hydra
 15370 | D:11     | Killed a seven-headed hydra
 15371 | D:11     | Reached skill level 5 in Dodging
 15618 | Lair:1   | Entered Level 1 of the Lair of Beasts
 15641 | Lair:1   | Reached skill level 1 in Transmutations
 15725 | Lair:1   | Gained mutation: Your thick and shaggy fur keeps you warm.
                  | (AC +3, rC+) [Felid growth]
 15725 | Lair:1   | Reached XP level 12. HP: 51/51 MP: 14/24
 17523 | Lair:2   | Found a staircase to the Swamp.
 18158 | Lair:3   | Found a frozen archway.
 18199 | IceCv    | Entered an ice cave
 18233 | IceCv    | Noticed a death yak
 18247 | IceCv    | Killed a death yak
 18481 | IceCv    | Noticed a death yak
 18560 | IceCv    | Killed a death yak
 18856 | IceCv    | Noticed a death yak
 18879 | IceCv    | Killed a death yak
 18980 | IceCv    | Noticed a death yak
 18985 | IceCv    | Killed a death yak
 18991 | IceCv    | Reached XP level 13. HP: 57/57 MP: 17/26
 19059 | IceCv    | Noticed a frost giant
 19075 | IceCv    | Killed a frost giant
 19087 | IceCv    | Reached skill level 5 in Transmutations
 19565 | Lair:3   | Found a staircase to the Snake Pit.
 20473 | Lair:3   | Noticed Amaemon
 21148 | Lair:3   | Killed Amaemon
 22189 | Lair:4   | Slain by a blink frog
 22190 | Lair:4   | Reached XP level 12. HP: -1/56 MP: 13/26
 22288 | Lair:4   | Noticed Urug
 22298 | Lair:4   | Killed Urug
 22299 | Lair:4   | Reached XP level 13. HP: 53/59 MP: 18/27
 23195 | Lair:4   | Reached skill level 1 in Evocations
 23553 | Lair:5   | Entered Level 5 of the Lair of Beasts
 24431 | Lair:5   | Slain by a harpy
 24432 | Lair:5   | Reached XP level 12. HP: -3/57 MP: 17/26
 24637 | Lair:5   | Found a staircase to the Slime Pits.
 24637 | Lair:5   | Found a viscous altar of Jiyva.
 25050 | Lair:5   | Noticed a death yak
 25051 | Lair:5   | Noticed a death yak
 25051 | Lair:5   | Noticed a death yak
 25064 | Lair:5   | Killed a death yak
 25073 | Lair:5   | Killed a death yak
 25074 | Lair:5   | Reached XP level 13. HP: 60/60 MP: 3/27
 25514 | Lair:5   | Noticed a dire elephant
 25527 | Lair:5   | Killed a dire elephant
 26343 | D:9      | Bought a book of the Wilderness for 570 gold pieces
 26343 | D:9      | Bought the Meditations on the Tempest and Outbursts for 330
                  | gold pieces
 26351 | D:9      | Learned a level 7 spell: Storm Form
 26418 | Orc:1    | Entered Level 1 of the Orcish Mines
 26708 | Orc:1    | You fall into a shaft and drop 1 floor!
 26708 | Orc:2    | Entered Level 2 of the Orcish Mines
 26714 | Orc:2    | Noticed an orc warlord
 27251 | Orc:2    | Reached skill level 10 in Air Magic
 28319 | Orc:2    | Reached skill level 10 in Fighting
 28707 | Orc:2    | Found a staircase to the Elven Halls.
 28995 | Orc:2    | Killed an orc warlord
 29272 | Orc:2    | Reached skill level 10 in Unarmed Combat
 29450 | Orc:2    | Found Uxeurph's General Store.
 29451 | Orc:2    | Found Laniach's Book Shop.
 29454 | Orc:2    | Found Durib's Antique Armour Boutique.
 29454 | Orc:2    | Found Paepopab's Antique Weapon Boutique.
 29531 | Orc:2    | Bought a book of Spatial Translocations for 338 gold pieces
 29600 | Orc:2    | Noticed Jorgrun
 30105 | Orc:2    | Killed Jorgrun
 30536 | Orc:1    | Found Bokawaem's Antique Weapon Shop.
 30704 | D:9      | Bought a book of Misfortune for 540 gold pieces
 31260 | D:12     | Reached XP level 14. HP: 66/66 MP: 12/28
 31356 | D:12     | Identified the +0 ring mail of Purpose {-Tele Will+ Dex+10}
 31404 | D:12     | Noticed Frances
 31496 | D:12     | Reached skill level 10 in Transmutations
 31655 | D:12     | Learned a level 5 spell: Summon Mana Viper
 32174 | D:12     | Identified the +1 scimitar of the Key {drain, *Noise Int+2
                  | Dex+2}
 32403 | D:12     | Killed Frances
 32887 | D:13     | Identified the +2 shortbow of Beyond {venom, rF+ Stlth+}
 33271 | D:13     | HP: 2/66 [centaur warrior/arrow (11)]
 33675 | D:13     | Found a gate to the Vaults.
 34976 | D:14     | Reached skill level 10 in Spellcasting
 36061 | D:14     | Shot with an arrow by a centaur warrior
 36062 | D:14     | Reached XP level 13. HP: -8/61 MP: 25/28
 36825 | D:14     | Reached XP level 14. HP: 66/66 MP: 5/29
 38890 | D:14     | Got the Guidebook on Reformation
 39314 | Swamp:1  | Entered Level 1 of the Swamp
 41296 | Swamp:2  | Noticed a thorn hunter
 41312 | Swamp:2  | Killed a thorn hunter
 42048 | Swamp:2  | Identified the +9 battleaxe "Soguh" {spect, Drain Str+2
                  | Dex+8}
 42275 | Swamp:2  | Reached XP level 15. HP: 35/69 MP: 18/30
 42673 | Swamp:3  | HP: 2/69 [spriggan rider/+0 spear (23)]
 42678 | Swamp:3  | Mangled by a spriggan rider
 42679 | Swamp:3  | Reached XP level 14. HP: -9/66 MP: 21/29
 43285 | Swamp:3  | Identified the +3 sling "Taykko" {speed, Drain rPois rN++
                  | Dex+4}
 43437 | Swamp:3  | Noticed Kirke
 43652 | Swamp:3  | Found a runed translucent gate.
 43652 | Swamp:3  | Found a runed translucent gate.
 43652 | Swamp:3  | Found a runed translucent gate.
 43660 | Swamp:3  | Noticed Omiobem's ghost (adept GnSk)
 43660 | Swamp:3  | Noticed Gokhumny's ghost (adept GnFi)
 43845 | Swamp:3  | Killed Kirke
 43997 | Swamp:4  | Entered Level 4 of the Swamp
 44354 | Swamp:4  | Noticed a tentacled monstrosity
 44365 | Swamp:4  | Killed a tentacled monstrosity
 44699 | Swamp:4  | Reached skill level 15 in Transmutations
 44702 | Swamp:4  | Noticed Louise
 44729 | Swamp:4  | Killed Louise
 44927 | Swamp:4  | Noticed a reaper
 44948 | Swamp:4  | Killed a reaper
 44964 | Swamp:4  | Noticed a thorn hunter
 45347 | Swamp:4  | Noticed a thorn hunter
 45347 | Swamp:4  | Noticed a fenstrider witch
 45409 | Swamp:4  | Noticed a thorn hunter
 45473 | Swamp:4  | Killed a thorn hunter
 45480 | Swamp:4  | Noticed a tentacled monstrosity
 45624 | Swamp:4  | Killed a tentacled monstrosity
 45651 | Swamp:4  | Killed a thorn hunter
 45785 | Swamp:4  | Noticed a ghoul
 45808 | Swamp:4  | Killed a ghoul
 45956 | Swamp:4  | Killed a thorn hunter
 46156 | Swamp:4  | Reached XP level 15. HP: 69/69 MP: 13/30
 46245 | Swamp:4  | Noticed a fenstrider witch
 46257 | Swamp:4  | Killed a fenstrider witch
 46386 | Swamp:4  | Noticed a fenstrider witch
 46400 | Swamp:4  | Killed a fenstrider witch
 46543 | Swamp:4  | Learned a level 5 spell: Manifold Assault
 46773 | Swamp:4  | Noticed a fenstrider witch
 46947 | Swamp:4  | Reached skill level 1 in Translocations
 46963 | Swamp:4  | Killed a fenstrider witch
 47115 | Swamp:4  | Noticed Mlioglotl
 47354 | Swamp:4  | Killed a fenstrider witch
 47355 | Swamp:4  | Reached skill level 15 in Air Magic
 47436 | Swamp:4  | Got a decaying rune of Zot
 47467 | Swamp:4  | Noticed a fenstrider witch
 47586 | D:9      | Bought the amulet of Vitality {RegenMP++ Regen++} for 1900
                  | gold pieces
 47586 | D:9      | Found the amulet of Vitality {RegenMP++ Regen++}
 47753 | Vaults:1 | Entered Level 1 of the Vaults
 47767 | Vaults:1 | Noticed a vault warden
 47778 | Vaults:1 | Killed a vault warden
 48082 | Vaults:1 | Reached skill level 5 in Translocations
 48665 | Vaults:1 | Noticed a vault warden
 48746 | Vaults:1 | Reached XP level 16. HP: 73/73 MP: 26/31
 49059 | Snake:1  | Entered Level 1 of the Snake Pit
 49060 | Snake:1  | Noticed Aizul
 49075 | Snake:1  | Killed Aizul
 49291 | Orc:2    | Bought Great Wizards, Vol. VII for 330 gold pieces
 49787 | Snake:1  | Found a runed translucent door.
 49790 | Snake:1  | Noticed Liforeniyw's ghost (adept MiBe)
 50523 | Snake:2  | Found a shimmering altar of Xom.
 51472 | Snake:2  | Reached skill level 10 in Translocations
 52527 | Snake:3  | Found a runed translucent gate.
 52558 | Snake:3  | Found a runed translucent gate.
 52559 | Snake:3  | Found a runed translucent gate.
 52561 | Snake:3  | Noticed Xitaol's ghost (adept SpEn)
 52719 | Snake:3  | Reached XP level 17. HP: 78/78 MP: 26/32
 52767 | Snake:3  | Learned a level 3 spell: Tukima's Dance
 53047 | Snake:4  | Entered Level 4 of the Snake Pit
 53075 | Snake:4  | Noticed bworf's ghost (adept MiFi)
 53076 | Snake:4  | Found a runed translucent door.
 53079 | Snake:4  | Identified the +1 leather armour of Starshine {rN+ Will++}
 54432 | Snake:4  | Reached skill level 10 in Hexes
 54668 | Snake:4  | Got a serpentine rune of Zot
 54922 | D:9      | Bought the ring of Igah {rF+ rN++ Will- Int+4 SInv} for 610
                  | gold pieces
 54926 | D:9      | Bought a ring of poison resistance for 240 gold pieces
 54928 | D:9      | Bought a ring of protection from cold for 475 gold pieces
 54929 | D:9      | Bought a ring of willpower for 425 gold pieces
 55122 | D:15     | Entered Level 15 of the Dungeon
 55937 | D:15     | Found a staircase to the Depths.
 56259 | Vaults:1 | Identified the +2 pair of gloves of the Wilderness {Harm
                  | MP+9 Str+3}
 56259 | Vaults:1 | Noticed Nikola
 56268 | Vaults:1 | Killed Nikola
 56341 | Vaults:1 | Reached skill level 5 in Evocations
 56437 | Vaults:1 | Reached XP level 18. HP: 60/82 MP: 34/34
 56734 | Vaults:1 | Reached skill level 10 in Summonings
 56737 | Vaults:1 | Learned a level 2 spell: Wereblood
 56830 | Vaults:1 | Found a runed translucent door.
 56830 | Vaults:1 | Found a shimmering altar of Xom.
 56830 | Vaults:1 | Noticed Marixus's ghost (adept HOFi)
 58757 | Vaults:2 | Noticed Frederick
 58826 | Vaults:2 | Killed Frederick
 58963 | Vaults:3 | Noticed Boris
 59193 | Vaults:3 | Found a magical portal.
 59240 | WizLab   | Entered Alistair's Party Mansion
 59474 | WizLab   | Learned a level 4 spell: Passage of Golubria
 59735 | WizLab   | Paralysed by accursed screaming for 1 turns
 59791 | WizLab   | Noticed a golden dragon
 59791 | WizLab   | Noticed a golden dragon
 59793 | WizLab   | Paralysed by accursed screaming for 1 turns
 59900 | WizLab   | Identified a scroll of acquirement
 59901 | WizLab   | Reached XP level 19. HP: 88/88 MP: 26/35
 59963 | WizLab   | Acquired 1237 gold pieces
 60024 | WizLab   | Got the Secrets of the Inconstant Snake
 60515 | Vaults:3 | Identified the +3 flail "Ricvegh" {vamp, Stlth+}
 60723 | Vaults:3 | Found a staircase to the Crypt.
 61438 | Vaults:3 | Killed Boris
 61814 | Vaults:4 | Found Godoen's Antique Armour Shoppe.
 61847 | Vaults:4 | Found a crumbling gateway.
 61866 | Desolati | Entered the Desolation of Salt
 62298 | Desolati | Identified the amulet of Xom's Amusement {Acrobat -Cast
                  | rN++}
 62363 | Desolati | Identified the +1 leather armour of Leut {Fly rF+ Will-}
 62421 | Desolati | Got Sif Muna's Volume of Molten Contamination
 62453 | Desolati | Got the Spellbook of the Map and Weather
 62574 | Desolati | Got the Treatise on the Figure and Putrescence
 63199 | Desolati | Reached XP level 20. HP: 81/94 MP: 17/37
 63284 | Desolati | Identified the +1 ring mail of Freedom {+Blink rC+}
 65264 | D:11     | Killed bear's ghost
 65478 | Depths:1 | Entered Level 1 of the Depths
 65862 | Depths:1 | Found a one-way gate to the infinite horrors of the Abyss.
 66135 | Depths:1 | Reached skill level 15 in Translocations
 66193 | Depths:1 | Identified the ring "Hecw" {Will++ Int+4 Dex+6 Slay-5}
 66242 | Depths:1 | Found a gateway to Hell.
 66520 | Depths:1 | Found an iron altar of Okawaru.
 66520 | Depths:1 | Noticed Saint Roka
 66626 | Depths:1 | Killed Saint Roka
 67261 | Depths:2 | Noticed a juggernaut
 67319 | Depths:1 | Mangled by a white very ugly thing
 67320 | Depths:1 | Reached XP level 19. HP: -10/92 MP: 36/36
 67454 | Depths:1 | Reached skill level 15 in Unarmed Combat
 67899 | Snake:1  | Killed Liforeniyw's ghost
 68056 | Snake:3  | Killed Xitaol's ghost
 68057 | Snake:3  | Reached skill level 15 in Fighting
 68248 | Snake:4  | Killed bworf's ghost
 68467 | Swamp:3  | Killed Gokhumny's ghost
 68491 | Swamp:3  | Killed Omiobem's ghost
 68685 | Swamp:4  | Killed Mlioglotl
 68868 | Swamp:4  | Reached skill level 10 in Evocations
 68974 | Swamp:4  | Reached XP level 20. HP: 97/97 MP: 19/38
 69404 | Elf:1    | Entered Level 1 of the Elven Halls
 69649 | Elf:1    | Found Rolit's Distillery.
 69653 | Elf:1    | Found Rousuco's Weapon Shop.
 69654 | Elf:1    | Found Akhloisu's Armour Boutique.
 69665 | Elf:1    | Bought a potion of magic for 128 gold pieces
 69665 | Elf:1    | Bought a potion of magic for 128 gold pieces
 69665 | Elf:1    | Bought a potion of cancellation for 128 gold pieces
 69665 | Elf:1    | Bought a potion of curing for 48 gold pieces
 69665 | Elf:1    | Bought a potion of curing for 48 gold pieces
 69665 | Elf:1    | Bought a potion of ambrosia for 128 gold pieces
 69819 | Elf:1    | Identified the +0 robe "Emef" {rPois rF- rN+ Str+5}
 70573 | Elf:1    | Learned a level 6 spell: Summon Cactus Giant
 70755 | Elf:2    | Reached skill level 10 in Dodging
 71032 | Elf:2    | Found a runed translucent gate.
 71032 | Elf:2    | Found a runed translucent gate.
 71032 | Elf:2    | Found a runed translucent gate.
 72398 | Elf:3    | Entered Level 3 of the Elven Halls
 72558 | Elf:3    | Found Aqaci's Armour Shoppe.
 73270 | Elf:3    | Paralysed by an air elemental for 1 turns
 73756 | Elf:3    | Identified the +1 robe of Muttered Phrases {rPois rF+
                  | Str+3}
 73985 | Elf:3    | Identified the +2 quarterstaff "Xezy" {spect, Will+}
 74207 | Elf:3    | Found the +8 demon trident "Rift" {distort, reach+}
 74241 | Elf:3    | Got Adiem's Incunable of Frostbitten Rallying
 74245 | Elf:3    | Got Onifurch's Almanac of Cursed Changing
 74252 | Elf:3    | Identified the +2 storm dragon scales of Gozag's Delight
                  | {rElec rN+ rCorr Int+2}
 74258 | Elf:3    | Got the Vellum of Concussion
 74262 | Elf:3    | Identified the +2 spear of Seyfuw Woob {vamp, *Slow +Blink
                  | Dex+2}
 74266 | Elf:3    | Identified the +5 spear of Ointment {speed, *Slow Str+5}
 74306 | Elf:3    | Learned a level 5 spell: Yara's Violent Unravelling
 74570 | D:9      | Bought a scroll of amnesia for 80 gold pieces
 74570 | D:9      | Bought a scroll of vulnerability for 80 gold pieces
 74570 | D:9      | Bought a scroll of teleportation for 60 gold pieces
 74570 | D:9      | Bought a scroll of fog for 80 gold pieces
 74571 | D:9      | Bought the Teachings on the Chill for 600 gold pieces
 74571 | D:9      | Bought the Compilation of the Assassin for 330 gold pieces
 74571 | D:9      | Bought a manual of Dodging for 1200 gold pieces
 74572 | D:9      | Bought the Directory of Ghastly Dislocation for 510 gold
                  | pieces
 74572 | D:9      | Bought a book of the Sky for 660 gold pieces
 74576 | D:9      | Bought a potion of brilliance for 56 gold pieces
 74576 | D:9      | Bought 2 potions of invisibility for 224 gold pieces
 74576 | D:9      | Bought a potion of mutation for 112 gold pieces
 74576 | D:9      | Bought a potion of curing for 42 gold pieces
 74576 | D:9      | Bought a potion of brilliance for 56 gold pieces
 74576 | D:9      | Bought a potion of heal wounds for 70 gold pieces
 74738 | Lair:5   | Fell from the grace of Gozag
 74738 | Lair:5   | Became a worshipper of Jiyva Juppomul the Shapeless
 75165 | Crypt:1  | Entered Level 1 of the Crypt
 75183 | Crypt:1  | Noticed Donald
 75192 | Crypt:1  | HP: 2/97 [Donald/+3 demon trident of venom (42)]
 75200 | Crypt:1  | Demolished by Donald
 75201 | Crypt:1  | Reached XP level 19. HP: -14/93 MP: 21/38
 75204 | Crypt:1  | Killed Donald
 75697 | Crypt:1  | Reached XP level 20. HP: 98/98 MP: 4/39
 75822 | Crypt:1  | Reached * piety under Jiyva
 76237 | Crypt:2  | Noticed Jory
 76332 | Crypt:2  | Reached ** piety under Jiyva
 76351 | Crypt:2  | Killed Jory
 76818 | Crypt:3  | Entered Level 3 of the Crypt
 76886 | Crypt:3  | Noticed Sojobo
 76899 | Crypt:3  | Killed Sojobo
 76959 | Crypt:3  | Found a basalt altar of Yredelemnul.
 76994 | Crypt:3  | Noticed Vv
 77014 | Crypt:3  | Slain by Vv

Illustrated notes

Levels and vault maps discovered:
D:1:      lightli_arrival_boilingwater, layout_loops_ring
D:2:      layout_basic, dreamdust_ecumenical_altar_angels_and_demons
D:3:      layout_basic, serial_shops, nicolae_shop_advertising_works
          [nicolae_subvault_shop_adworks], nicolae_diamond_shop, shop,
          minmay_splitting_lines, uniq_ijyb, uniq_crazy_yiuf_cottage
D:4:      layout_gridville, serial_bayou, serial_bayou_pond_a,
          serial_bayou_ford_a, serial_bayou_pond_c, serial_bayou_crossing,
          uniq_duvessa
D:5:      layout_basic, grunt_ministairs_9
D:6:      layout_gridville, minmay_temple_entry_purple_smoke,
          nicolae_ossuary_entry_false_entrances
D:7:      layout_basic, uniq_maggie
D:8:      layout_basic, mainiacjoe_overflow_boulevard
D:9:      layout_rooms, lightli_temple_of_fire, david_lair_shrubbed, uniq_grum,
          uniq_maurice
D:10:     layout_basic, orc_0_dummy, serial_shops, shop, uniq_snorg,
          uniq_gastronok
D:11:     layout_loops_ring, gammafunk_ghost_hive, enter_trove_1,
          nicolae_dithmenos_through_a_glass_darkly
D:12:     layout_cave_pods, uniq_frances
D:13:     layout_roguey, david_vaults_2, special_room [special_room_bee]
D:14:     minmay_the_grid_octo_tiled_octocenter_mashed
          [minmay_the_grid_octo_toaster, minmay_the_grid_octo_checkered,
          minmay_the_grid_octo_empty, minmay_the_grid_octo_empty,
          minmay_the_grid_octo_prize_star, minmay_the_grid_square_5x5_hourglass,
          minmay_the_grid_square_5x5_dogpile,
          minmay_the_grid_square_5x5_beaten_path,
          minmay_the_grid_square_5x5_bite], layout_loops_ring,
          minmay_misc_feat_doors, serial_bayou, serial_bayou_lagoon_b,
          serial_bayou_pond_d, serial_bayou_shore_a, serial_bayou_shore_b
D:15:     grunt_enter_depths_snipers, layout_basic, minivault_25
Temple:   mainiacjoe_temple_cubbyholes
Lair:1:   layout_hall_layers
Lair:2:   layout_cave_pods, swamp_mist
Lair:3:   cheibrodos_magma_flow, layout_loops_ring, guppyfry_snake_entry_island,
          special_room [special_room_mythical_zoo],
          portal_ice_cave_entry_ice_simulacra, st_stairs_3, lemuel_fruit_tree,
          uniq_amaemon
Lair:4:   layout_cave_pods, minivault_23, hangedman_lair_generics_rect,
          infiniplex_staircase_pool, uniq_urug
Lair:5:   gammafunk_lair_ancient_temple, layout_loops_ring,
          minmay_slime_entry_pillars
Swamp:1:  layout_falls_marsh, evilmike_swamp_ruin_house_4, swamp_pool3
Swamp:2:  layout_basic_swamp, nicolae_swamp_orc_logging_accident, swamp_pool1,
          grunt_hermit_hut, infiniplex_staircase_pool_2
Swamp:3:  layout_basic_swamp, gammafunk_ghost_cemetery, nicolae_swamp_oxbows,
          swamp_pool1, uniq_kirke
Swamp:4:  nzn_swamp_witches_coven, layout_basic_swamp, uniq_louise,
          uniq_mlioglotl
Snake:1:  layout_concentric_octagons, ebering_ghost_reflecting_pool, uniq_aizul
Snake:2:  layout_cave_town, basic_altar, nicolae_snake_gridmaze_tees
Snake:3:  layout_cave_shapes, ebering_ghost_rock_garden,
          nicolae_snake_salamander_stairs
Snake:4:  johnstein_snake_rune_scales, layout_rooms, gammafunk_ghost_grave
Orc:1:    layout_caves, serial_shops, nicolae_shop_waterfront
Orc:2:    st_orc_congregation, layout_diamond_mine, mines1_david, uniq_jorgrun
Elf:1:    minmay_elf_arrival_circle, layout_loops_corners, minmay_shop_star
Elf:2:    elven_hall_of_blades_hangedman_original
          [nicolae_blade_entry_pointy_end], layout_geoelf_octagon
Elf:3:    minmay_elf_hall_circle, layout_geoelf_diagonals, serial_shops, shop,
          grunt_ministairs_5, nicolae_elf_stone_circles
Vaults:1: ebering_ghost_xom, grunt_vaults_diagonal, v_misc_17,
          ontoclasm_vaults_ring_small, nicolae_vaults_lopsided_apartments,
          ontoclasm_vaults_chip, v_misc_1, hangedman_vaults_trim, v_misc_14,
          nicolae_vaults_little_ls, nicolae_vaults_network_star,
          vaults_dpeg_emergency_exit, ontoclasm_vaults_decontamination,
          layout_vaults_chaotic_city, uniq_nikola
Vaults:2: nicolae_vaults_border_crossing, dpeg_vaults_waves, v_misc_23,
          ontoclasm_vaults_gateway, nicolae_vaults_big_angled_halls,
          hangedman_vaults_stitches, vaults_mumra_chevron_long,
          hangedman_vaults_maws, v_misc_16, v_misc_11, layout_vaults_ring,
          uniq_frederick
Vaults:3: lightli_enter_wizlab_magi_temple, v_misc_23, hangedman_vaults_hat,
          nicolae_vaults_theta, nicolae_vaults_little_squares_3, st_lines,
          ontoclasm_vaults_pinch, v_misc_25, nicolae_vaults_angled_halls,
          layout_vaults_omnigrid, minmay_crypt_entry_simple_box, uniq_boris
Vaults:4: portal_desolation_entry_nicolae_slug, v_misc_18, special_room_vaults
          [special_room_orc], v_misc_25, vaults_dpeg_hooks,
          hangedman_vaults_corner_blocks, ontoclasm_vaults_fault,
          vaults_room_semicircle, vaults_room_pool,
          nicolae_vaults_windows_and_doors_thing,
          nicolae_vaults_diagonal_hallway_8, hangedman_vaults_unwind,
          vaults_standard_mumra_x, layout_vaults_omnicross, serial_shops,
          nicolae_shop_crystal
Crypt:1:  layout_basic, grunt_crypt_arrival_guarded_gate, grunt_megastairs_3,
          uniq_donald
Crypt:2:  layout_misc_corridors, uniq_jory
Crypt:3:  grunt_crypt_end_deaths_head, uniq_vv, uniq_zenata, uniq_sojobo
Depths:1: layout_cave_pools, pf_coc_iceberg, serial_glass, glass_columns_a,
          glass_columns_a, glass_columns_a, glass_columns_a, feat_on_display,
          minmay_strange_pillars, abyss_entry, grunt_decor_resistance,
          serial_bayou_pond_b, kennysheep_nondescript, st_stairs_10,
          minmay_hedge_maze, kennysheep_okawaru_gauntlet, uniq_saint_roka
Depths:2: minmay_expanding_squares, layout_twisted_cross,
          hangedman_abyss_or_decor_stabs, hell_entry, rand_demon_pan_entry_5,
          nicolae_gozag_cash_rules_everything_around_me

Skill      XL: |  1  2  3  4  5  6  7  8  9 10 11 12 13 14 15 16 17 18 19 20 |
---------------+-------------------------------------------------------------+-----
Stealth        | 3 5 6 |  6.0
Dodging        | 3 5 6 9 12 | 12.6
Spellcasting   | 3 4 5 6 7 8 9 10 11 13 14 | 14.2
Summonings     | 5 6 7 8 9 11 12 | 12.9
Air Magic      | 2 3 5 7 8 9 12 14 15 16 17 | 17.1
Hexes          | 2 4 6 7 9 10 12 13 | 13.0
Unarmed Combat | 2 4 5 6 10 11 12 15 16 | 16.5
Fighting       | 2 4 5 7 10 11 12 15 14 | 15.9
Conjurations   | 1 3 5 7 9 |  9.0
Transmutations | 1 4 12 15 16 17 | 17.1
Evocations     | 4 5 6 10 9 | 10.1
Translocations | 7 10 12 14 15 | 15.5

Action                   |  1- 3 |  4- 6 |  7- 9 | 10-12 | 13-15 | 16-18 | 19-21 || total
-------------------------+-------+-------+-------+-------+-------+-------+-------++-------
Melee: Unarmed           |     4 |    17 |    40 |    42 |   302 |   852 |  1457 ||  2714
       Bite              |       |     2 |     5 |     5 |    21 |     2 |     3 ||    38
       Punch             |       |       |       |     1 |    26 |    32 |    72 ||   131
 Cast: Summon Small Mamm |    40 |    34 |    17 |     9 |    20 |     1 |       ||   121
       Call Imp          |    24 |    28 |    29 |    11 |    32 |       |       ||   124
       Call Canine Famil |       |    17 |    58 |    48 |   188 |    17 |    35 ||   363
       Summon Guardian G |       |     2 |    56 |    83 |   270 |    53 |    86 ||   550
       Summon Lightning  |       |       |       |    98 |   368 |   126 |   128 ||   720
       Summon Mana Viper |       |       |       |       |   146 |    79 |    98 ||   323
       Fulminant Prism   |       |       |       |       |    13 |     1 |     1 ||    15
       Storm Form        |       |       |       |       |    50 |   138 |   219 ||   407
       Manifold Assault  |       |       |       |       |    12 |   366 |   660 ||  1038
       Tukima's Dance    |       |       |       |       |       |    12 |     2 ||    14
       Wereblood         |       |       |       |       |       |     3 |    16 ||    19
       Passage of Golubr |       |       |       |       |       |       |    27 ||    27
       Summon Cactus Gia |       |       |       |       |       |       |    21 ||    21
Invok: Call Merchant     |       |       |       |       |     4 |     1 |     3 ||     8
 Abil: Blinkbolt         |       |       |       |       |     3 |    43 |    45 ||    91
       End Transformatio |       |       |       |       |       |     1 |     3 ||     4
Evoke: Wand              |       |     2 |     2 |     5 |    46 |     6 |     5 ||    66
       Tin of tremorston |       |       |       |       |     2 |       |     2 ||     4
       Phantom mirror    |       |       |       |       |     2 |     4 |     3 ||     9
       Lightning rod     |       |       |       |       |       |     5 |     4 ||     9
       Piece from Xom's  |       |       |       |       |       |       |     1 ||     1
       Condenser vane    |       |       |       |       |       |       |     1 ||     1
  Use: Scroll            |       |       |     9 |    10 |    26 |     4 |     6 ||    55
       Potion            |       |       |     3 |     1 |    14 |     1 |     6 ||    25
 Stab: Sleeping          |     1 |       |       |       |       |     1 |     2 ||     4
       Distracted        |       |       |     1 |       |     6 |     6 |    13 ||    26
       Paralysed         |       |       |       |       |     2 |       |       ||     2
       Invisible         |       |       |       |       |       |       |     4 ||     4
Armor: Skin              |       |     1 |     4 |     7 |    31 |    57 |    70 ||   170
Dodge: Dodged            |    15 |    22 |    64 |    65 |   398 |   346 |   518 ||  1428
